 Dungeon Crawl Stone Soup version 0.30-a0-737-gf23d94013f (webtiles) character file.

Game seed: 12102855142666413177

59 jimonade the Magician (level 4, -2/31 HPs)
             Began as a Djinni Hedge Wizard on Feb 3, 2023.
             Slain by a hobgoblin (3 damage)
             ... on level 3 of the Dungeon.
             The game lasted 00:02:37 (1878 turns).

jimonade the Magician (Djinni Hedge Wizard)         Turns: 1878, Time: 00:02:38

Health: -2/31      AC:  2    Str: 11    XL:     4   Next: 22%
Gold:   75         EV: 12    Int: 15    God:
                   SH:  0    Dex: 13

rFire   + + .      SeeInvis .    a - +0 dagger
rCold   x . .      Faith    .    (no shield)
rNeg    . . .      Spirit   .    b - +0 robe
rPois   ∞          Reflect  .    c - +0 hat
rElec   .          Harm     .    (no cloak)
rCorr   .          Rampage  .    (no gloves)
Will    .....                    (boots unavailable)
Stlth   ++                       l - amulet of the acrobat
HPRegen 0.25/turn                (no ring)
MPRegen 0.00/turn                (no ring)

@: flying
A: sickness immunity, fire resistance 2, cold vulnerability 1, float, innate
caster, HP casting, extra vitality 1
a: no special abilities


You were on level 3 of the Dungeon.
You visited 1 branch of the dungeon, and saw 3 of its levels.

You collected 75 gold pieces.

Inventory:

Hand Weapons
 a - a +0 dagger (weapon)
Missiles
 n - 8 poisoned darts
Armour
 b - a +0 robe (worn)
 c - a +0 hat (worn)
Jewellery
 l - an amulet of the acrobat (around neck)
 q - a +5 ring of evasion
Scrolls
 e - 2 scrolls of teleportation {unknown}
 i - 5 scrolls of noise {unknown}
 k - a scroll of amnesia {unknown}
 m - a scroll of summoning {unknown}
 o - 2 scrolls of acquirement {unknown}
 p - a scroll of blinking {unknown}
 r - a scroll of fear {unknown}
Potions
 d - a potion of magic
 f - a potion of cancellation {unknown}
 g - a potion of curing {unknown}
 h - a potion of might {unknown}
 j - a potion of brilliance {unknown}


   Skills:
 + Level 2.3 Dodging
 - Level 1.5 Stealth
 * Level 3.7 Spellcasting


You couldn't memorise any spells.
You knew the following spells:

 Your Spells              Type           Power      Damage    Failure   Level
a - Magic Dart            Conj           52%        1d5       4%          1
b - Slow                  Hex            52%        N/A       4%          1
c - Blink                 Tloc           26%        N/A       6%          2
d - Call Imp              Summ           13%        N/A       6%          2
e - Mephitic Cloud        Conj/Pois/Air  13%        N/A       12%         3
f - Summon Small Mammal   Summ           52%        N/A       4%          1
Your spell library was empty.

Dungeon Overview and Level Annotations

Branches:
Dungeon (3/15)

Altars:


Innate Abilities, Weirdness & Mutations

You are immune to sickness and miasma.
You are immune to poison.
Your flesh is very heat resistant. (rF++)
You are vulnerable to cold. (rC-)
You float through the air rather than walking.
You learn spells naturally, not from books.
Your magical power is your life essence.
You have superior vitality. (+4 MHP)


Message History

The worm bites you!
The magic dart hits the worm.
The worm is heavily wounded.
The magic dart hits the worm.
The worm is severely wounded.
The worm bites you.
* * * LOW HITPOINT WARNING * * *
The hobgoblin hits you.
* * * LOW HITPOINT WARNING * * *
You are too injured to fight recklessly!
You are too injured to fight recklessly!
You are too injured to fight recklessly!
You are too injured to fight recklessly!
You are too injured to fight recklessly!
You are too injured to fight recklessly!
You are too injured to fight recklessly!
Unknown command.
Aiming: Magic Dart (safe; 4% risk of failure)
Press: ? - help, Q - select action, (/) - cycle Shift-Dir - straight line, f/p - worm
Aim: a worm (severely wounded, 100% to hit)
The magic dart hits the hobgoblin.
The hobgoblin is almost dead.
* * * LOW HITPOINT WARNING * * *
The hobgoblin hits you.
* * * LOW HITPOINT WARNING * * *
Aiming: Magic Dart (safe; 4% risk of failure)
Press: ? - help, Q - select action, (/) - cycle Shift-Dir - straight line, f/p - worm
Aim: a worm (severely wounded, 100% to hit)
The magic dart hits the hobgoblin but does no damage.
The hobgoblin is almost dead.
* * * LOW HITPOINT WARNING * * *
The hobgoblin closely misses you.
Aiming: Magic Dart (safe; 4% risk of failure)
Press: ? - help, Q - select action, (/) - cycle Shift-Dir - straight line, f/p - worm
Aim: a worm (severely wounded, 100% to hit)
The magic dart hits the hobgoblin but does no damage.
The hobgoblin is almost dead.
* * * LOW HITPOINT WARNING * * *
The hobgoblin hits you.
You die...

......# #....###.# ..
### ...##.# ...>...
#.#. #..##.# ........#
#.. ### #..##.#
.........##.## ##.#
#.....#####....###. .
#... #.##### .#.#####
.. ##.# #.# #w.....#
... ##..# #.# #g# #..
....#.... ..#
#.###@####.# #....#.
### #........#.#
##.....
#####.##.#.#########.#
#.##.............#
#......###########
########


You could see a worm and a hobgoblin.

Vanquished Creatures
  2 adders (D:2)
  2 ball pythons
  6 bats
  5 endoplasms
  4 giant cockroaches
  A goblin (D:2)
  2 hobgoblins
  2 kobolds
  4 quokkas
  3 frilled lizards
  6 rats
37 creatures vanquished.

Notes
Turn   | Place    | Note
-------+----------+-------------------------------------------
     0 | D:1      | jimonade the Djinni Hedge Wizard began the quest for the
                  | Orb.
     0 | D:1      | jimonade set off with the following spells memorised: Magic
                  | Dart, Slow, Blink, Call Imp, Mephitic Cloud.
     0 | D:1      | Reached XP level 1. HP: 15/15 MP: 0/0
   284 | D:1      | Reached XP level 2. HP: 18/21 MP: 0/0
   401 | D:1      | Reached skill level 3 in Spellcasting
   752 | D:1      | Reached XP level 3. HP: 23/25 MP: 0/0
   752 | D:1      | Learned a level 1 spell: Summon Small Mammal
  1285 | D:2      | Reached XP level 4. HP: 27/31 MP: 0/0
  1727 | D:3      | Found a faded altar of an unknown god.
  1878 | D:3      | Slain by a hobgoblin

Illustrated notes

Levels and vault maps discovered:
D:1:      spicycebolla_green_bress_n_ham, layout_loops_ring,
          chequers_serial_rivers_small_3
D:2:      layout_basic
D:3:      layout_loops_corners, shapermc_ecumenical_altar_ellora, serial_shops,
          nicolae_shop_waterfront, minmay_fractal_squares_gapless_5

Skill      XL: |  1  2 |
---------------+-------+-----
Spellcasting   | 3 |  3.7
Dodging        | |  2.3
Stealth        | |  1.5

Action                     |  1- 3 |  4- 6 || total
---------------------------+-------+-------++-------
  Melee: Dagger            |     3 |       ||     3
   Cast: Magic Dart        |    68 |    24 ||    92
   Stab: Sleeping          |     1 |       ||     1
 Armour: Robe              |     5 |       ||     5
  Dodge: Dodged            |     6 |     3 ||     9

Table legend: (Time is in decaauts)
 A = Elapsed time spent in this place.
 B = Non-inter-level travel time spent in this place.
 C = Inter-level travel time spent in this place.
 D = Time resting spent in this place.
 E = Time spent auto-exploring this place.
 F = Levels seen in this place.
 G = Mean time per level.
                   A        B        C        D        E       F      G
               +--------+--------+--------+--------+--------+-----+--------+
         Total |   1877 |   1720 |    157 |      0 |   1525 |   3 |  625.7 |
       Dungeon |   1877 |   1720 |    157 |      0 |   1525 |   3 |  625.7 |
               +--------+--------+--------+--------+--------+-----+--------+

Top non-repeatable levels by time:
     D:1: 937 daAuts
     D:2: 684 daAuts
     D:3: 255 daAuts
